Canadiens vs Blues

Created - April 3, 2025 at 22:06

Goals
1 2 3 OT1 T
Canadiens 3 0 0 1 4
Blues 2 0 1 0 3
Shots
1 2 3 OT1 T
Canadiens 8 11 9 2 30
Blues 11 9 3 2 25

1st period

1. Canadiens , Steven Stamkos 36 (Mitch Marner 30, Matthew Tkachuk 10) at 12:23
2. Canadiens , Mikkel Boedker 37 (Jakob Silfverberg 18, Drew Fata 10) at 15:25
3. Blues , Tyler Toffoli 12 (Sean Monahan 19) at 15:58
4. Blues , Filip Forsberg 38 (Nathan MacKinnon 57) at 16:26 (PP)
5. Canadiens , Quinn Hughes 7 (Steven Stamkos 44) at 17:12 (PP)

Penalties :
Craig Smith (Mtl) for Roughing (Minor) at 1:28, Nick Suzuki (Mtl) for Roughing (Minor) at 16:22, Jujhar Khaira (Stl) for Interference (Minor) at 16:35, Nick Suzuki (Mtl) for Interference (Minor) at 17:48

2nd period

No Goal

Penalties :
David Perron (Stl) for High sticking (Minor) at 13:40

3rd period

6. Blues , Seth Jones 11 (Travis Sanheim 15, Carey Price) at 14:26

Penalties :
Mark Stone (Mtl) for Cross-checking (Minor) at 3:32, Drew Fata (Mtl) for Cross-checking (Minor) at 7:38, Quinn Hughes (Mtl) for Holding (Minor) at 19:56

Overtime #1

7. Canadiens , Matthew Tkachuk 11 (Pierre-Edouard Bellemare 14) at 4:03

Penalties :
No Penalty

Goalie Stats

Tyler Weiman (Mtl), 22 saves from 25 shots - (0.880), W, 18-14-2, 64:03 minutes
Carey Price (Stl), 26 saves from 30 shots - (0.867), OTL, 32-13-3, 64:03 minutes

Players Stats for Canadiens

Player Name              G  A  P  +/- PIM S  H  SB GA TA FO     MP     PP MP  PK MP  
------------------------------------------------------------------------------------
Brock Nelson             0  0  0   0  0   2  0  1  0  0  0/0     9:54   0:00   1:34 
Craig Smith              0  0  0   0  2   0  0  0  0  0  0/0     8:14   0:00   0:00 
Darnell Nurse            0  0  0   1  0   2  2  3  0  3  0/0    25:16   0:39   5:01 
Drew Fata                0  1  1   1  2   0  2  1  0  0  0/0    14:53   0:00   3:29 
Filip Hronek             0  0  0   1  0   1  1  0  0  0  0/0    12:46   0:00   1:11 
Jakob Silfverberg        0  1  1   0  0   0  0  0  0  1  0/1    19:45   1:14   2:29 
Joel Eriksson Ek         0  0  0  -1  0   1  1  0  1  0  2/3    13:50   1:11   1:47 
Mark Stone               0  0  0  -1  2   1  1  0  0  1  0/0    11:11   0:03   0:00 
Matthew Tkachuk          1  1  2   2  0   1  2  1  0  0  0/2    16:39   1:22   0:00 
Mikkel Boedker           1  0  1   0  0   6  3  0  0  0  0/0    17:28   1:14   0:00 
Mitch Marner             0  1  1   1  0   1  1  1  0  0  0/2    16:49   1:22   0:00 
Neal Pionk               0  0  0  -1  0   0  1  1  0  2  0/0    24:39   0:36   5:03 
Nick Suzuki              0  0  0   0  4   2  0  0  0  0  7/21   16:47   1:22   0:03 
Pierre-Edouard Bellemare 0  1  1   1  0   2  0  0  0  1  3/5    11:05   0:00   2:53 
Quinn Hughes             1  0  1   0  2   5  1  0  0  0  0/0    21:08   1:21   0:18 
Steven Stamkos           1  1  2   1  0   3  1  1  2  0  11/22  22:46   1:57   5:28 
Zach Bogosian            0  0  0  -1  0   1  1  0  1  3  0/0    25:40   0:39   4:56 
Zach Parise              0  0  0  -1  0   2  2  0  0  0  0/0    15:28   0:00   3:48 

Players Stats for Blues

Player Name              G  A  P  +/- PIM S  H  SB GA TA FO     MP     PP MP  PK MP  
------------------------------------------------------------------------------------
Cody Ceci                0  0  0   0  0   2  0  0  1  1  0/0    22:36   1:03   1:48 
David Perron             0  0  0   1  2   0  0  1  1  0  0/0    16:21   3:26   0:12 
Dominik Simon            0  0  0   0  0   2  1  0  0  0  0/0     7:34   0:00   0:36 
Drew Shore               0  0  0   0  0   0  0  1  0  0  1/2     9:10   0:00   1:32 
Ethan Bear               0  0  0  -1  0   0  1  0  0  0  0/0    14:45   4:57   0:00 
Filip Forsberg           1  0  1  -1  0   4  3  1  3  0  2/2    24:01   4:34   1:01 
Ilya Kovalchuk           0  0  0   0  0   0  0  0  0  0  0/0     8:09   0:42   0:00 
Jordan Kyrou             0  0  0   1  0   2  0  0  2  0  0/3    15:42   3:55   0:00 
Jujhar Khaira            0  0  0   0  2   0  0  0  0  0  0/0    14:31   0:00   0:55 
Ladislav Smid            0  0  0   0  0   0  1  0  0  1  0/0    16:59   0:00   1:48 
Nathan MacKinnon         0  1  1  -1  0   2  0  0  1  0  18/29  22:53   4:27   0:00 
Nikolaj Ehlers           0  0  0  -1  0   3  1  1  0  0  2/2    20:48   3:29   0:00 
Petter Granberg          0  0  0  -1  0   0  1  1  1  0  0/0    21:21   3:06   0:48 
Sean Monahan             0  1  1  -1  0   4  0  0  0  1  5/10   19:04   3:29   0:28 
Seth Jones               1  0  1   0  0   3  1  1  2  0  0/0    27:53   4:34   0:48 
Travis Sanheim           0  1  1   1  0   1  1  0  0  1  0/0    23:05   2:26   0:00 
Tyler Toffoli            1  0  1   0  0   1  1  0  0  0  1/1    15:31   0:07   0:28 
Vincent Trocheck         0  0  0   0  0   1  1  1  0  0  4/7    11:44   0:00   0:00 

3 Stars

1 - Matthew Tkachuk (Mtl)
2 - Steven Stamkos (Mtl)
3 - Mikkel Boedker (Mtl)

Power Play

Canadiens - 1 on 2 Attempt(s) - 50.00%
Blues - 1 on 6 Attempt(s) - 16.67%

Penalty Kill

Canadiens - 5 on 6 Attempt(s) - 83.33% - Score 0 goal in Penalty Kill
Blues - 1 on 2 Attempt(s) - 50.00% - Score 0 goal in Penalty Kill

Team Stat

Canadiens - Hits : 19 - Faceoff Wins : 23 - Blocked Shots : 9 - Penalty Minutes : 12
Blues - Hits : 12 - Faceoff Wins : 33 - Blocked Shots : 7 - Penalty Minutes : 4

Official

Referees : Furman South and Brandon Blandina
Linesman : Brandon Gawryletz and Trent Knorr

Game Notes

Drew Fata is injured at 0:54 of 1st overtime period (Herniated Disc)
3:51 of 1st overtime period - Canadiens goal is going for a video replay. After video review, No Goal. The puck has been kicked using a distinct kicking motion.

Finance

Level 1 -- Attendance: 6000 (100.00%) -- Ticket Income $600,000
Level 2 -- Attendance: 5000 (100.00%) -- Ticket Income $350,000
Level 3 -- Attendance: 2000 (100.00%) -- Ticket Income $80,000
Level 4 -- Attendance: 4000 (100.00%) -- Ticket Income $120,000
Luxury Box -- Attendance: 924 (92.40%) -- Ticket Income $184,800
Game was played at the Enterprise Center.
Total Attendance: 17924 (99.58%)
Total Ticket Income: $1,334,800
Other Income: $200,220
Total Income: $1,535,020

Canadiens

5 vs 5 Forward 
   Center                   Left Wing                Right Wing               Time % Phy DF OF 
 1 Nick Suzuki              Mikkel Boedker           Jakob Silfverberg        35     1   2  2  
 2 Steven Stamkos           Matthew Tkachuk          Mitch Marner             35     0   2  3  
 3 Joel Eriksson Ek         Zach Parise              Mark Stone               25     0   2  3  
 4 Pierre-Edouard Bellemare Brock Nelson             Craig Smith              5      2   3  0  

5 vs 5 Defense 
   Defense                  Defense                                           Time % Phy DF OF 
 1 Darnell Nurse            Quinn Hughes                                      40     1   2  2  
 2 Neal Pionk               Zach Bogosian                                     40     1   2  2  
 3 Drew Fata                Filip Hronek                                      20     1   2  2  
 4 Darnell Nurse            Zach Bogosian                                     0      1   2  2  

PowerPlay Forward 
   Center                   Left Wing                Right Wing               Time % Phy DF OF 
 1 Nick Suzuki              Matthew Tkachuk          Mitch Marner             60     1   2  2  
 2 Joel Eriksson Ek         Mikkel Boedker           Jakob Silfverberg        40     1   2  2  

PowerPlay Defense
   Defense                  Defense                                           Time % Phy DF OF 
 1 Steven Stamkos           Quinn Hughes                                      60     1   2  2  
 2 Zach Bogosian            Darnell Nurse                                     40     1   2  2  

Penalty Kill 4 Players Forward 
   Center                   Wing                     Time % Phy DF OF 
 1 Steven Stamkos           Zach Parise              60     1   2  2  
 2 Pierre-Edouard Bellemare Jakob Silfverberg        40     1   2  2  

Penalty Kill 4 Players Defense
   Defense                  Defense                  Time % Phy DF OF 
 1 Darnell Nurse            Neal Pionk               60     1   2  2  
 2 Drew Fata                Zach Bogosian            40     1   2  2  

Penalty Kill - 3 Players Forward 
   Forward                                           Time % Phy DF OF 
 1 Steven Stamkos                                    60     1   2  2  
 2 Pierre-Edouard Bellemare                          40     1   2  2  

Penalty Kill - 3 Players Defense
   Defense                  Defense                  Time % Phy DF OF 
 1 Darnell Nurse            Neal Pionk               60     1   2  2  
 2 Drew Fata                Zach Bogosian            40     1   2  2  

4 vs 4 Forward 
   Center                   Wing                     Time % Phy DF OF 
 1 Steven Stamkos           Matthew Tkachuk          60     1   2  2  
 2 Mitch Marner             Mikkel Boedker           40     1   2  2  

4 vs 4 Defense
   Defense                  Defense                  Time % Phy DF OF 
 1 Darnell Nurse            Quinn Hughes             60     1   2  2  
 2 Drew Fata                Zach Bogosian            40     1   2  2  

Last Minutes Offensive
   Center                   Left Wing                Right Wing               Defense                  Defense                  
   Steven Stamkos           Matthew Tkachuk          Mitch Marner             Quinn Hughes             Zach Bogosian            

Last Minutes Defensive
   Center                   Left Wing                Right Wing               Defense                  Defense                  
   Pierre-Edouard Bellemare Matthew Tkachuk          Jakob Silfverberg        Darnell Nurse            Zach Bogosian            

Goaltenders
Starting : Tyler Weiman             
Backup : Joonas Korpisalo         

Extra Forwards
Normal : Matthew Tkachuk, Mikkel Boedker, Steven Stamkos - PP : Mark Stone, Brock Nelson - PK : Joel Eriksson Ek
Extra Defensemen
Normal : Quinn Hughes, Darnell Nurse, Drew Fata - PP : Neal Pionk - PK : Filip Hronek, Quinn Hughes
Penalty Shots
Steven Stamkos, Mikkel Boedker, Jakob Silfverberg, Nick Suzuki, Mark Stone
Custom OT Lines Forwards
Steven Stamkos, Mikkel Boedker, Jakob Silfverberg, Mitch Marner, Zach Parise, Matthew Tkachuk, Pierre-Edouard Bellemare, Nick Suzuki, Mark Stone, Craig Smith
Custom OT Lines Defensemen
Darnell Nurse, Zach Bogosian, Drew Fata, Quinn Hughes, Filip Hronek

Scratches
Gabriel Bourque (Healthy), Patrik Laine (Suspend)

Blues

5 vs 5 Forward 
   Center                   Left Wing                Right Wing               Time % Phy DF OF 
 1 Nathan MacKinnon         Filip Forsberg           Nikolaj Ehlers           40     0   2  3  
 2 Sean Monahan             Jujhar Khaira            Tyler Toffoli            30     0   2  3  
 3 Vincent Trocheck         David Perron             Jordan Kyrou             20     1   2  2  
 4 Drew Shore               Dominik Simon            Ilya Kovalchuk           10     0   3  2  

5 vs 5 Defense 
   Defense                  Defense                                           Time % Phy DF OF 
 1 Seth Jones               Travis Sanheim                                    40     1   2  2  
 2 Petter Granberg          Cody Ceci                                         30     1   2  2  
 3 Ethan Bear               Ladislav Smid                                     20     1   2  2  
 4 Ladislav Smid            Cody Ceci                                         10     1   2  2  

PowerPlay Forward 
   Center                   Left Wing                Right Wing               Time % Phy DF OF 
 1 Nathan MacKinnon         Filip Forsberg           Jordan Kyrou             60     0   2  3  
 2 Sean Monahan             David Perron             Nikolaj Ehlers           40     0   2  3  

PowerPlay Defense
   Defense                  Defense                                           Time % Phy DF OF 
 1 Seth Jones               Ethan Bear                                        60     0   2  3  
 2 Petter Granberg          Travis Sanheim                                    40     0   2  3  

Penalty Kill 4 Players Forward 
   Center                   Wing                     Time % Phy DF OF 
 1 Drew Shore               Jujhar Khaira            60     1   3  1  
 2 Sean Monahan             Tyler Toffoli            40     1   3  1  

Penalty Kill 4 Players Defense
   Defense                  Defense                  Time % Phy DF OF 
 1 Ladislav Smid            Cody Ceci                60     1   2  2  
 2 Petter Granberg          Seth Jones               40     1   2  2  

Penalty Kill - 3 Players Forward 
   Forward                                           Time % Phy DF OF 
 1 Drew Shore                                        60     1   2  2  
 2 Sean Monahan                                      40     1   2  2  

Penalty Kill - 3 Players Defense
   Defense                  Defense                  Time % Phy DF OF 
 1 Cody Ceci                Ladislav Smid            60     1   2  2  
 2 Seth Jones               Petter Granberg          40     1   2  2  

4 vs 4 Forward 
   Center                   Wing                     Time % Phy DF OF 
 1 Nathan MacKinnon         Filip Forsberg           60     1   2  2  
 2 Sean Monahan             Nikolaj Ehlers           40     1   2  2  

4 vs 4 Defense
   Defense                  Defense                  Time % Phy DF OF 
 1 Seth Jones               Ladislav Smid            60     1   2  2  
 2 Cody Ceci                Petter Granberg          40     1   2  2  

Last Minutes Offensive
   Center                   Left Wing                Right Wing               Defense                  Defense                  
   Nathan MacKinnon         Filip Forsberg           Nikolaj Ehlers           Seth Jones               Travis Sanheim           

Last Minutes Defensive
   Center                   Left Wing                Right Wing               Defense                  Defense                  
   Drew Shore               Jujhar Khaira            Ilya Kovalchuk           Ladislav Smid            Cody Ceci                

Goaltenders
Starting : Carey Price              
Backup : Jake Oettinger           

Extra Forwards
Normal : Jordan Kyrou, Nikolaj Ehlers, Drew Shore - PP : David Perron, Ilya Kovalchuk - PK : Filip Forsberg
Extra Defensemen
Normal : Cody Ceci, Travis Sanheim, Seth Jones - PP : Cody Ceci - PK : Seth Jones, Travis Sanheim
Penalty Shots
Jordan Kyrou, David Perron, Ilya Kovalchuk, Sean Monahan, Filip Forsberg
Custom OT Lines Forwards
Filip Forsberg, Nathan MacKinnon, Tyler Toffoli, Nikolaj Ehlers, David Perron, Sean Monahan, Vincent Trocheck, Jujhar Khaira, Ilya Kovalchuk, Drew Shore
Custom OT Lines Defensemen
Seth Jones, Petter Granberg, Travis Sanheim, Cody Ceci, Ladislav Smid

Scratches
Josh Morrissey (Torso Injury), Luke Glendening (Healthy)

% Time on Ice - Canadiens

Lines # - Real PCT - Wanted PCT - Time Play
Normal Forward
1 - 31% - 35% - 15:14
2 - 31% - 35% - 15:19
3 - 22% - 25% - 11:00
4 - 16% - 5% - 7:48
Normal Defense
1 - 38% - 40% - 18:47
2 - 40% - 40% - 19:30
3 - 22% - 20% - 11:04
4 - 0% - 0% - 0:00
PP Forward
1 - 53% - 60% - 1:22
2 - 47% - 40% - 1:14
PP Defense
1 - 75% - 60% - 1:57
2 - 25% - 40% - 0:39
PK Forward
1 - 69% - 60% - 5:34
2 - 31% - 40% - 2:29
PK Defense
1 - 48% - 60% - 3:54
2 - 52% - 40% - 4:09
PK3 Forward
1 - 79% - 60% - 1:32
2 - 21% - 40% - 0:24
PK3 Defense
1 - 59% - 60% - 1:09
2 - 41% - 40% - 0:47
44 Forward
1 - 0% - 60%
2 - 0% - 40%
44 Defense
1 - 0% - 60%
2 - 0% - 40%
Last Minute Offensive  - 0:00
Last Minute Defensive  - 0:00
Total
Forward - 61:56
Defense - 61:56

% Time on Ice - Blues

Lines # - Real PCT - Wanted PCT - Time Play
Normal Forward
1 - 34% - 40% - 16:57
2 - 29% - 30% - 14:12
3 - 23% - 20% - 11:14
4 - 14% - 10% - 6:58
Normal Defense
1 - 41% - 40% - 20:21
2 - 32% - 30% - 15:43
3 - 17% - 20% - 8:35
4 - 10% - 10% - 4:42
PP Forward
1 - 57% - 60% - 4:34
2 - 43% - 40% - 3:29
PP Defense
1 - 61% - 60% - 4:57
2 - 39% - 40% - 3:06
PK Forward
1 - 82% - 60% - 2:08
2 - 18% - 40% - 0:28
PK Defense
1 - 69% - 60% - 1:48
2 - 31% - 40% - 0:48
PK3 Forward
1 - 0% - 60%
2 - 0% - 40%
PK3 Defense
1 - 0% - 60%
2 - 0% - 40%
44 Forward
1 - 82% - 60% - 1:35
2 - 18% - 40% - 0:21
44 Defense
1 - 81% - 60% - 1:34
2 - 19% - 40% - 0:22
Last Minute Offensive  - 0:00
Last Minute Defensive  - 0:00
Total
Forward - 61:56
Defense - 61:56

Play-by-Play

1st period


0:01 of 1st period - Nathan MacKinnon wins face-off versus Nick Suzuki in neutral zone.
0:48 of 1st period - Snap shot by David Perron.
0:48 of 1st period - Shot Misses the Net.
1:28 of 1st period - Minor Penalty to Craig Smith for Roughing.
1:29 of 1st period - Steven Stamkos wins face-off versus Jordan Kyrou in Canadiens zone.
1:36 of 1st period - Seth Jones is hit by Darnell Nurse and loses puck.
2:20 of 1st period - Nathan MacKinnon is hit by Zach Parise.
3:28 of 1st period - Penalty to Craig Smith is over, Craig Smith is back on ice.
3:47 of 1st period - Mikkel Boedker is hit by Tyler Toffoli and loses puck.
4:26 of 1st period - Snap shot by Steven Stamkos.
4:26 of 1st period - Stopped by Carey Price with a rebound.
4:38 of 1st period - Pierre-Edouard Bellemare is hit by Dominik Simon.
5:02 of 1st period - Wrist shot by Joel Eriksson Ek.
5:02 of 1st period - Shot Blocked by Petter Granberg.
5:11 of 1st period - Icing by Cody Ceci.
5:12 of 1st period - Nathan MacKinnon wins face-off versus Steven Stamkos in Blues zone.
5:12 of 1st period - Nathan MacKinnon is hit by Steven Stamkos.
5:34 of 1st period - Zach Bogosian is hit by Vincent Trocheck and loses puck.
6:38 of 1st period - Wrist shot by Vincent Trocheck.
6:38 of 1st period - Shot Misses the Net.
6:40 of 1st period - Slapshot by Cody Ceci.
6:40 of 1st period - Stopped by Tyler Weiman with a rebound.
6:42 of 1st period - Wrist shot by Vincent Trocheck.
6:42 of 1st period - Stopped by Tyler Weiman without a rebound.
6:43 of 1st period - Nathan MacKinnon wins face-off versus Matthew Tkachuk in Canadiens zone.
6:55 of 1st period - Wrist shot by Nikolaj Ehlers.
6:55 of 1st period - Shot Misses the Net.
6:57 of 1st period - Wrist shot by Nathan MacKinnon.
6:57 of 1st period - Stopped by Tyler Weiman without a rebound.
6:58 of 1st period - Sean Monahan wins face-off versus Nick Suzuki in Canadiens zone.
7:01 of 1st period - Wrist shot by Seth Jones.
7:01 of 1st period - Shot Misses the Net.
7:03 of 1st period - Slapshot by Sean Monahan.
7:03 of 1st period - Stopped by Tyler Weiman with a rebound.
7:05 of 1st period - Snap shot by Seth Jones.
7:05 of 1st period - Shot Misses the Net.
9:22 of 1st period - Wrist shot by Nick Suzuki.
9:22 of 1st period - Deflect By Mikkel Boedker.
9:22 of 1st period - Stopped by Carey Price without a rebound.
9:23 of 1st period - Nikolaj Ehlers wins face-off versus Steven Stamkos in Blues zone.
9:36 of 1st period - Snap shot by Nikolaj Ehlers.
9:36 of 1st period - Stopped by Tyler Weiman without a rebound.
9:37 of 1st period - Nathan MacKinnon wins face-off versus Nick Suzuki in Canadiens zone.
10:12 of 1st period - Wrist shot by Seth Jones.
10:12 of 1st period - Shot Blocked by Matthew Tkachuk.
10:14 of 1st period - Wrist shot by Jujhar Khaira.
10:14 of 1st period - Shot Misses the Net.
10:16 of 1st period - Slapshot by Sean Monahan.
10:16 of 1st period - Stopped by Tyler Weiman without a rebound.
10:17 of 1st period - Nick Suzuki wins face-off versus Nathan MacKinnon in Canadiens zone.
11:06 of 1st period - Travis Sanheim is hit by Joel Eriksson Ek and loses puck.
12:19 of 1st period - Wrist shot by Matthew Tkachuk.
12:19 of 1st period - Shot Misses the Net.
12:21 of 1st period - Wrist shot by Mitch Marner.
12:21 of 1st period - Shot Misses the Net.
12:23 of 1st period - Wrist shot by Steven Stamkos.
12:23 of 1st period - Goal by Steven Stamkos - Canadiens : 1 - Blues : 0.
12:24 of 1st period - Filip Forsberg wins face-off versus Nick Suzuki in neutral zone.
12:26 of 1st period - Off-side.
12:27 of 1st period - Nick Suzuki wins face-off versus Nathan MacKinnon in neutral zone.
12:40 of 1st period - Slapshot by Nick Suzuki.
12:40 of 1st period - Shot Blocked by Seth Jones.
13:03 of 1st period - Snap shot by Sean Monahan.
13:03 of 1st period - Stopped by Tyler Weiman with a rebound.
13:39 of 1st period - Backhand shot by Seth Jones.
13:39 of 1st period - Deflect By Dominik Simon.
13:39 of 1st period - Stopped by Tyler Weiman with a rebound.
13:41 of 1st period - Slapshot by Travis Sanheim.
13:41 of 1st period - Stopped by Tyler Weiman without a rebound.
13:42 of 1st period - Nick Suzuki wins face-off versus Nathan MacKinnon in Canadiens zone.
14:34 of 1st period - Snap shot by Mark Stone.
14:34 of 1st period - Shot Misses the Net.
14:36 of 1st period - Wrist shot by Zach Parise.
14:36 of 1st period - Shot Blocked by Vincent Trocheck.
14:38 of 1st period - Slapshot by Zach Parise.
14:38 of 1st period - Shot Blocked by David Perron.
14:40 of 1st period - Slapshot by Darnell Nurse.
14:40 of 1st period - Shot Misses the Net.
14:42 of 1st period - Slapshot by Zach Parise.
14:42 of 1st period - Shot Misses the Net.
15:25 of 1st period - Slapshot by Mikkel Boedker.
15:25 of 1st period - Goal by Mikkel Boedker - Canadiens : 2 - Blues : 0.
15:26 of 1st period - Steven Stamkos wins face-off versus Nathan MacKinnon in neutral zone.
15:43 of 1st period - Wrist shot by Mitch Marner.
15:43 of 1st period - Shot Misses the Net.
15:54 of 1st period - Off-side.
15:55 of 1st period - Sean Monahan wins face-off versus Nick Suzuki in neutral zone.
15:58 of 1st period - Wrist shot by Tyler Toffoli.
15:58 of 1st period - Goal by Tyler Toffoli - Canadiens : 2 - Blues : 1.
15:59 of 1st period - Nick Suzuki wins face-off versus Nathan MacKinnon in neutral zone.
16:14 of 1st period - Slapshot by Filip Forsberg.
16:14 of 1st period - Shot Misses the Net.
16:16 of 1st period - Snap shot by Filip Forsberg.
16:16 of 1st period - Shot Blocked by Neal Pionk.
16:22 of 1st period - Minor Penalty to Nick Suzuki for Roughing.
16:23 of 1st period - Nathan MacKinnon wins face-off versus Steven Stamkos in Canadiens zone.
16:24 of 1st period - Slapshot by Filip Forsberg.
16:24 of 1st period - Shot Blocked by Darnell Nurse.
16:26 of 1st period - Wrist shot by Filip Forsberg.
16:26 of 1st period - Goal by Filip Forsberg - Canadiens : 2 - Blues : 2.
16:27 of 1st period - Steven Stamkos wins face-off versus Sean Monahan in neutral zone.
16:32 of 1st period - Slapshot by Steven Stamkos.
16:32 of 1st period - Stopped by Carey Price without a rebound.
16:33 of 1st period - Sean Monahan wins face-off versus Joel Eriksson Ek in Blues zone.
16:35 of 1st period - Minor Penalty to Jujhar Khaira for Interference.
16:36 of 1st period - Nick Suzuki wins face-off versus Drew Shore in Blues zone.
16:38 of 1st period - Wrist shot by Mitch Marner.
16:38 of 1st period - Shot Misses the Net.
17:12 of 1st period - Snap shot by Quinn Hughes.
17:12 of 1st period - Deflect By Drew Shore.
17:12 of 1st period - Goal by Quinn Hughes - Canadiens : 3 - Blues : 2.
17:13 of 1st period - Nathan MacKinnon wins face-off versus Steven Stamkos in neutral zone.
17:16 of 1st period - Snap shot by Seth Jones.
17:16 of 1st period - Shot Blocked by Steven Stamkos.
17:48 of 1st period - Backhand shot by Mikkel Boedker.
17:48 of 1st period - Stopped by Carey Price without a rebound.
17:48 of 1st period - Minor Penalty to Nick Suzuki for Interference.
17:49 of 1st period - Steven Stamkos wins face-off versus Jordan Kyrou in Canadiens zone.
19:48 of 1st period - Penalty to Nick Suzuki is over, Nick Suzuki is back on ice.
19:55 of 1st period - Slapshot by Quinn Hughes.
19:55 of 1st period - Stopped by Carey Price with a rebound.
Goals for this period are 3 for Canadiens vs 2 for Blues.
Shots for this period are 8 for Canadiens vs 11 for Blues.

2nd period


0:01 of 2nd period - Nathan MacKinnon wins face-off versus Steven Stamkos in neutral zone.
0:04 of 2nd period - Snap shot by Nikolaj Ehlers.
0:04 of 2nd period - Stopped by Tyler Weiman without a rebound.
0:05 of 2nd period - Nathan MacKinnon wins face-off versus Mitch Marner in Canadiens zone.
1:00 of 2nd period - Wrist shot by Mikkel Boedker.
1:00 of 2nd period - Deflect By Nick Suzuki.
1:00 of 2nd period - Stopped by Carey Price with a rebound.
1:06 of 2nd period - Slapshot by Seth Jones.
1:06 of 2nd period - Shot Misses the Net.
1:42 of 2nd period - Slapshot by Zach Bogosian.
1:42 of 2nd period - Stopped by Carey Price with a rebound.
1:46 of 2nd period - Wrist shot by Mitch Marner.
1:46 of 2nd period - Stopped by Carey Price with a rebound.
2:10 of 2nd period - Snap shot by Tyler Toffoli.
2:10 of 2nd period - Shot Misses the Net.
2:12 of 2nd period - Snap shot by Ladislav Smid.
2:12 of 2nd period - Shot Misses the Net.
3:41 of 2nd period - Cody Ceci is hit by Darnell Nurse and loses puck.
3:56 of 2nd period - Slapshot by David Perron.
3:56 of 2nd period - Deflect By Jordan Kyrou.
3:56 of 2nd period - Shot Blocked by Darnell Nurse.
3:56 of 2nd period - Puck is out of play.
3:57 of 2nd period - Vincent Trocheck wins face-off versus Nick Suzuki in Canadiens zone.
4:09 of 2nd period - Off-side.
4:10 of 2nd period - Nathan MacKinnon wins face-off versus Steven Stamkos in neutral zone.
5:03 of 2nd period - Snap shot by Seth Jones.
5:03 of 2nd period - Deflect By Sean Monahan.
5:03 of 2nd period - Shot Blocked by Darnell Nurse.
5:03 of 2nd period - Puck is out of play.
5:04 of 2nd period - Nathan MacKinnon wins face-off versus Pierre-Edouard Bellemare in Canadiens zone.
5:19 of 2nd period - Wrist shot by Nikolaj Ehlers.
5:19 of 2nd period - Shot Blocked by Brock Nelson.
5:21 of 2nd period - Slapshot by Cody Ceci.
5:21 of 2nd period - Stopped by Tyler Weiman without a rebound.
5:22 of 2nd period - Steven Stamkos wins face-off versus Sean Monahan in Canadiens zone.
6:00 of 2nd period - Snap shot by Mikkel Boedker.
6:00 of 2nd period - Shot Misses the Net.
6:02 of 2nd period - Slapshot by Nick Suzuki.
6:02 of 2nd period - Deflect By Mikkel Boedker.
6:02 of 2nd period - Stopped by Carey Price without a rebound.
6:03 of 2nd period - Joel Eriksson Ek wins face-off versus Sean Monahan in Blues zone.
7:11 of 2nd period - Off-side.
7:12 of 2nd period - Pierre-Edouard Bellemare wins face-off versus Sean Monahan in neutral zone.
7:57 of 2nd period - Jujhar Khaira is hit by Quinn Hughes and loses puck.
8:31 of 2nd period - Slapshot by Zach Parise.
8:31 of 2nd period - Stopped by Carey Price with a rebound.
8:33 of 2nd period - Snap shot by Mark Stone.
8:33 of 2nd period - Stopped by Carey Price with a rebound.
8:37 of 2nd period - Slapshot by Quinn Hughes.
8:37 of 2nd period - Shot Misses the Net.
8:39 of 2nd period - Slapshot by Darnell Nurse.
8:39 of 2nd period - Stopped by Carey Price with a rebound.
9:03 of 2nd period - Wrist shot by Drew Shore.
9:03 of 2nd period - Shot Misses the Net.
9:25 of 2nd period - Snap shot by Nikolaj Ehlers.
9:25 of 2nd period - Shot Blocked by Mitch Marner.
9:54 of 2nd period - Slapshot by Mark Stone.
9:54 of 2nd period - Shot Misses the Net.
9:56 of 2nd period - Slapshot by Filip Hronek.
9:56 of 2nd period - Shot Misses the Net.
9:58 of 2nd period - Slapshot by Filip Hronek.
9:58 of 2nd period - Stopped by Carey Price with a rebound.
10:00 of 2nd period - Slapshot by Zach Parise.
10:00 of 2nd period - Shot Misses the Net.
10:10 of 2nd period - Drew Fata is hit by Filip Forsberg and loses puck.
10:30 of 2nd period - Jordan Kyrou is hit by Mikkel Boedker.
10:50 of 2nd period - Slapshot by Mikkel Boedker.
10:50 of 2nd period - Shot Misses the Net.
11:20 of 2nd period - Wrist shot by Quinn Hughes.
11:20 of 2nd period - Stopped by Carey Price with a rebound.
11:22 of 2nd period - Snap shot by Darnell Nurse.
11:22 of 2nd period - Deflect By Mark Stone.
11:22 of 2nd period - Shot Blocked by Drew Shore.
11:22 of 2nd period - Puck is out of play.
11:23 of 2nd period - Nikolaj Ehlers wins face-off versus Nick Suzuki in Blues zone.
11:28 of 2nd period - Snap shot by Nikolaj Ehlers.
11:28 of 2nd period - Stopped by Tyler Weiman without a rebound.
11:29 of 2nd period - Nathan MacKinnon wins face-off versus Nick Suzuki in Canadiens zone.
12:20 of 2nd period - Slapshot by Vincent Trocheck.
12:20 of 2nd period - Deflect By Jordan Kyrou.
12:20 of 2nd period - Stopped by Tyler Weiman without a rebound.
12:21 of 2nd period - Vincent Trocheck wins face-off versus Nick Suzuki in Canadiens zone.
12:32 of 2nd period - Wrist shot by Jordan Kyrou.
12:32 of 2nd period - Stopped by Tyler Weiman without a rebound.
12:33 of 2nd period - Nathan MacKinnon wins face-off versus Nick Suzuki in Canadiens zone.
13:00 of 2nd period - Sean Monahan is hit by Mitch Marner and loses puck.
13:40 of 2nd period - Minor Penalty to David Perron for High sticking.
13:41 of 2nd period - Drew Shore wins face-off versus Nick Suzuki in Blues zone.
14:13 of 2nd period - Wrist shot by Quinn Hughes.
14:13 of 2nd period - Shot Misses the Net.
15:21 of 2nd period - Steven Stamkos is hit by Ladislav Smid and loses puck.
15:40 of 2nd period - Penalty to David Perron is over, David Perron is back on ice.
16:28 of 2nd period - Mark Stone is hit by Nikolaj Ehlers and loses puck.
17:11 of 2nd period - Off-side.
17:12 of 2nd period - Steven Stamkos wins face-off versus Vincent Trocheck in neutral zone.
17:43 of 2nd period - Slapshot by Zach Bogosian.
17:43 of 2nd period - Shot Blocked by Filip Forsberg.
17:45 of 2nd period - Wrist shot by Pierre-Edouard Bellemare.
17:45 of 2nd period - Deflect By Nikolaj Ehlers.
17:45 of 2nd period - Shot Misses the Net.
17:45 of 2nd period - Puck is out of play.
17:46 of 2nd period - Nick Suzuki wins face-off versus Sean Monahan in Blues zone.
17:53 of 2nd period - Wrist shot by Nick Suzuki.
17:53 of 2nd period - Deflect By Mikkel Boedker.
17:53 of 2nd period - Stopped by Carey Price with a rebound.
18:38 of 2nd period - Off-side.
18:39 of 2nd period - Vincent Trocheck wins face-off versus Jakob Silfverberg in neutral zone.
18:48 of 2nd period - Slapshot by Jordan Kyrou.
18:48 of 2nd period - Deflect By Neal Pionk.
18:48 of 2nd period - Shot Misses the Net.
18:48 of 2nd period - Puck is out of play.
18:49 of 2nd period - Nathan MacKinnon wins face-off versus Nick Suzuki in Canadiens zone.
18:50 of 2nd period - Wrist shot by Filip Forsberg.
18:50 of 2nd period - Stopped by Tyler Weiman with a rebound.
18:56 of 2nd period - Slapshot by Filip Forsberg.
18:56 of 2nd period - Stopped by Tyler Weiman with a rebound.
18:58 of 2nd period - Wrist shot by Nikolaj Ehlers.
18:58 of 2nd period - Shot Misses the Net.
19:21 of 2nd period - Wrist shot by Sean Monahan.
19:21 of 2nd period - Stopped by Tyler Weiman without a rebound.
19:22 of 2nd period - Sean Monahan wins face-off versus Mitch Marner in Canadiens zone.
19:31 of 2nd period - Wrist shot by Quinn Hughes.
19:31 of 2nd period - Stopped by Carey Price without a rebound.
19:32 of 2nd period - Nathan MacKinnon wins face-off versus Nick Suzuki in Blues zone.
19:41 of 2nd period - Slapshot by Seth Jones.
19:41 of 2nd period - Stopped by Tyler Weiman without a rebound.
19:42 of 2nd period - Filip Forsberg wins face-off versus Nick Suzuki in Canadiens zone.
Goals for this period are 0 for Canadiens vs 0 for Blues.
Shots for this period are 11 for Canadiens vs 9 for Blues.

3rd period


0:01 of 3rd period - Steven Stamkos wins face-off versus Nathan MacKinnon in neutral zone.
0:33 of 3rd period - Wrist shot by Mikkel Boedker.
0:33 of 3rd period - Shot Misses the Net.
0:53 of 3rd period - David Perron is hit by Zach Parise and loses puck.
0:59 of 3rd period - Icing by Seth Jones.
1:00 of 3rd period - Vincent Trocheck wins face-off versus Matthew Tkachuk in Blues zone.
1:49 of 3rd period - Ethan Bear is hit by Mark Stone and loses puck.
1:56 of 3rd period - Snap shot by Zach Parise.
1:56 of 3rd period - Stopped by Carey Price without a rebound.
1:57 of 3rd period - Sean Monahan wins face-off versus Steven Stamkos in Blues zone.
2:02 of 3rd period - Backhand shot by Seth Jones.
2:02 of 3rd period - Stopped by Tyler Weiman with a rebound.
2:08 of 3rd period - Seth Jones is hit by Matthew Tkachuk and loses puck.
3:03 of 3rd period - Mark Stone is hit by Seth Jones and loses puck.
3:32 of 3rd period - Minor Penalty to Mark Stone for Cross-checking.
3:33 of 3rd period - Steven Stamkos wins face-off versus Jordan Kyrou in Canadiens zone.
3:41 of 3rd period - Drew Fata is hit by Filip Forsberg and loses puck.
5:14 of 3rd period - Nathan MacKinnon is hit by Drew Fata and loses puck.
5:32 of 3rd period - Penalty to Mark Stone is over, Mark Stone is back on ice.
6:28 of 3rd period - Steven Stamkos is hit by Ethan Bear and loses puck.
6:47 of 3rd period - Icing by David Perron.
6:48 of 3rd period - Nick Suzuki wins face-off versus Vincent Trocheck in Blues zone.
7:15 of 3rd period - Wrist shot by Quinn Hughes.
7:15 of 3rd period - Shot Hit the Post.
7:17 of 3rd period - Wrist shot by Pierre-Edouard Bellemare.
7:17 of 3rd period - Stopped by Carey Price with a rebound.
7:19 of 3rd period - Snap shot by Quinn Hughes.
7:19 of 3rd period - Stopped by Carey Price without a rebound.
7:20 of 3rd period - Pierre-Edouard Bellemare wins face-off versus Nathan MacKinnon in Blues zone.
7:21 of 3rd period - Slapshot by Craig Smith.
7:21 of 3rd period - Shot Blocked by Nikolaj Ehlers.
7:38 of 3rd period - Minor Penalty to Drew Fata for Cross-checking.
7:39 of 3rd period - Nathan MacKinnon wins face-off versus Steven Stamkos in Canadiens zone.
9:38 of 3rd period - Penalty to Drew Fata is over, Drew Fata is back on ice.
9:46 of 3rd period - Dominik Simon is hit by Mikkel Boedker and loses puck.
10:22 of 3rd period - Vincent Trocheck is hit by Matthew Tkachuk and loses puck.
11:22 of 3rd period - Steven Stamkos is hit by Petter Granberg and loses puck.
11:56 of 3rd period - Petter Granberg is hit by Neal Pionk.
12:29 of 3rd period - Wrist shot by Mikkel Boedker.
12:29 of 3rd period - Stopped by Carey Price with a rebound.
12:31 of 3rd period - Snap shot by Mikkel Boedker.
12:31 of 3rd period - Shot Misses the Net.
12:33 of 3rd period - Snap shot by Neal Pionk.
12:33 of 3rd period - Deflect By Nick Suzuki.
12:33 of 3rd period - Stopped by Carey Price with a rebound.
12:47 of 3rd period - Snap shot by Matthew Tkachuk.
12:47 of 3rd period - Shot Misses the Net.
13:18 of 3rd period - Wrist shot by Brock Nelson.
13:18 of 3rd period - Stopped by Carey Price without a rebound.
13:19 of 3rd period - Tyler Toffoli wins face-off versus Pierre-Edouard Bellemare in Blues zone.
13:28 of 3rd period - Slapshot by Craig Smith.
13:28 of 3rd period - Shot Hit the Post.
13:30 of 3rd period - Slapshot by Brock Nelson.
13:30 of 3rd period - Stopped by Carey Price without a rebound.
13:31 of 3rd period - Steven Stamkos wins face-off versus Nathan MacKinnon in Blues zone.
14:26 of 3rd period - Slapshot by Seth Jones.
14:26 of 3rd period - Goal by Seth Jones - Canadiens : 3 - Blues : 3.
14:27 of 3rd period - Nathan MacKinnon wins face-off versus Steven Stamkos in neutral zone.
15:07 of 3rd period - Off-side.
15:08 of 3rd period - Joel Eriksson Ek wins face-off versus Nathan MacKinnon in neutral zone.
15:19 of 3rd period - Zach Parise is hit by Filip Forsberg and loses puck.
15:34 of 3rd period - Vincent Trocheck is hit by Mikkel Boedker.
15:44 of 3rd period - Jordan Kyrou is hit by Filip Hronek and loses puck.
16:09 of 3rd period - Cody Ceci is hit by Drew Fata and loses puck.
16:27 of 3rd period - Snap shot by Joel Eriksson Ek.
16:27 of 3rd period - Stopped by Carey Price with a rebound.
17:26 of 3rd period - Wrist shot by Dominik Simon.
17:26 of 3rd period - Stopped by Tyler Weiman with a rebound.
17:34 of 3rd period - Slapshot by Darnell Nurse.
17:34 of 3rd period - Stopped by Carey Price with a rebound.
18:41 of 3rd period - Nathan MacKinnon is hit by Zach Bogosian and loses puck.
19:40 of 3rd period - Mark Stone is hit by Travis Sanheim and loses puck.
19:56 of 3rd period - Minor Penalty to Quinn Hughes for Holding.
19:57 of 3rd period - Steven Stamkos wins face-off versus Nathan MacKinnon in Canadiens zone.
Goals for this period are 0 for Canadiens vs 1 for Blues.
Shots for this period are 9 for Canadiens vs 3 for Blues.

Overtime #1


0:01 of 1st overtime period - Nathan MacKinnon wins face-off versus Steven Stamkos in neutral zone.
0:06 of 1st overtime period - Snap shot by Nathan MacKinnon.
0:06 of 1st overtime period - Stopped by Tyler Weiman without a rebound.
0:07 of 1st overtime period - Steven Stamkos wins face-off versus Nathan MacKinnon in Canadiens zone.
0:28 of 1st overtime period - Slapshot by Filip Forsberg.
0:28 of 1st overtime period - Stopped by Tyler Weiman with a rebound.
0:54 of 1st overtime period - Slapshot by Filip Forsberg.
0:54 of 1st overtime period - Shot Blocked by Drew Fata.
0:54 of 1st overtime period - Drew Fata from Canadiens is injured at 0:54 of 1st overtime period (Herniated Disc).
0:55 of 1st overtime period - Nathan MacKinnon wins face-off versus Steven Stamkos in Canadiens zone.
1:56 of 1st overtime period - Penalty to Quinn Hughes is over, Quinn Hughes is back on ice.
3:49 of 1st overtime period - Wrist shot by Matthew Tkachuk.
3:49 of 1st overtime period - Shot Misses the Net.
3:51 of 1st overtime period - Wrist shot by Pierre-Edouard Bellemare.
3:51 of 1st overtime period - Canadiens goal is going for a video replay.
3:51 of 1st overtime period - The goal is refused. The puck has been kicked using a distinct kicking motion..
3:52 of 1st overtime period - Pierre-Edouard Bellemare wins face-off versus Vincent Trocheck in Blues zone.
4:03 of 1st overtime period - Wrist shot by Matthew Tkachuk.
4:03 of 1st overtime period - Goal by Matthew Tkachuk - Canadiens : 4 - Blues : 3.
Goals for this period are 1 for Canadiens vs 0 for Blues.
Shots for this period are 2 for Canadiens vs 2 for Blues.